 Dungeon Crawl Stone Soup version 0.27.1-33-g824d729ab1 (webtiles) character file.

Game seed: 10240369847521508712

8225 safid the Severer (level 11, -2/84 HPs)
             Began as a Hill Orc Fighter on Dec 31, 2021.
             Was an Elder of Beogh.
             Slain by Snorg (4 damage)
             ... on level 11 of the Dungeon.
             The game lasted 00:28:05 (10082 turns).

safid the Severer (Hill Orc Fighter)               Turns: 10082, Time: 00:28:05

Health: -2/84      AC: 17    Str: 23    XL:     11   Next: 27%
Magic:  11/11      EV:  6    Int:  8    God:    Beogh [****..]
Gold:   242        SH: 13    Dex: 10    Spells: 10/10 levels left

rFire    . . .     SeeInvis .   w - +6 flail (holy)
rCold    . . .     Faith    .   c - +0 kite shield
rNeg     . . .     Spirit   .   y - +1 plate armour {Will+}
rPois    .         Reflect  .   (no helmet)
rElec    .         Harm     .   (no cloak)
rCorr    .         Rampage  .   v - +0 pair of gloves
Will     +....                  (no boots)
Stlth    ..........             C - amulet of regeneration
HPRegen  1.24/turn              i - +4 ring of protection
MPRegen  0.12/turn              x - +4 ring of slaying

@: mighty, slowed, very slow
A: no striking features
a: Renounce Religion, Smiting, Recall Orcish Followers


You were on level 11 of the Dungeon.
You worshipped Beogh.
Beogh was greatly pleased with you.
You visited 1 branch of the dungeon, and saw 10 of its levels.
You also visited: Bailey.

You collected 317 gold pieces.
You spent 75 gold pieces at shops.

Inventory:

Hand Weapons
 a - a +0 war axe
 t - a +2 vorpal flail
 w - a +6 flail of holy wrath (weapon)
 G - the +6 long sword "Imacvopeos" {holy, rPois rF+ SInv}
   (You found it in a bailey)

   It has been blessed by the Shining One to cause great damage to the undead
   and demons.
   rF:        It protects you from fire.
   rPois:     It protects you from poison.
   SInv:      It lets you see invisible.
Missiles
 g - 14 poisoned darts (quivered)
 o - 38 boomerangs
 B - 2 throwing nets
Armour
 b - the +0 chain mail "Giot" {rPois}
   (You took it off a goblin in a bailey)

   rPois:     It protects you from poison.
 c - a +0 kite shield (worn)
 v - a +0 pair of gloves (worn)
 y - a +1 plate armour of willpower (worn)
Jewellery
 i - a +4 ring of protection (left hand)
 k - a ring of resist corrosion
 n - a ring of ice
 u - a ring of flight
 x - a +4 ring of slaying (right hand)
 C - an amulet of regeneration (around neck)
Wands
 m - a wand of polymorph (9)
 E - a wand of iceblast (3)
 H - a wand of charming (12)
Scrolls
 p - 2 scrolls of enchant armour
 q - 3 scrolls of fog
 s - 2 scrolls of blinking
 z - 5 scrolls of teleportation
Potions
 e - 4 potions of heal wounds
 f - a potion of haste {unknown}
 h - 5 potions of curing
 j - a potion of lignification
 l - a potion of cancellation {unknown}
 r - a potion of degeneration {unknown}
 A - a potion of mutation {unknown}
 D - 2 potions of ambrosia {unknown}
 F - 2 potions of attraction {unknown}


   Skills:
 - Level 4.0 Fighting
 + Level 15.0 Axes
 - Level 4.0 Armour
 + Level 13.1 Shields


You had 10 spell levels left.
You didn't know any spells.
Your spell library contained the following spells:

 Spells                   Type           Power      Damage    Failure   Level
 Animate Skeleton         Necr           0%         N/A       100%        1
 Pain                     Necr           0%         1d4       100%        1
 Sting                    Tmut/Pois      0%         1d3       100%        1
 Corpse Rot               Necr/Air       N/A        N/A       100%        2
 Poisonous Vapours        Pois/Air       0%         N/A       100%        2
 Slow                     Hex            0%         N/A       100%        2
 Static Discharge         Conj/Air       0%         N/A       100%        2
 Confusing Touch          Hex            0%         N/A       100%        3
 Ozocubu's Armour         Ice            0%         N/A       100%        3
 Vampiric Draining        Necr           0%         2d6       100%        3
 Dispel Undead            Necr           0%         3d6       100%        4
 Olgreb's Toxic Radiance  Pois           0%         N/A       100%        4
 Sticky Flame             Conj/Fire      0%         2d3       100%        4
 Freezing Cloud           Conj/Ice/Air   0%         6-21      100%        5
 Metabolic Englaciation   Hex/Ice        0%         N/A       100%        5
 Simulacrum               Ice/Necr       0%         N/A       100%        6


Dungeon Overview and Level Annotations

Branches:
Dungeon (9/15)             Temple (0/1) D:5          Bailey (visited)
   Lair: D:8-11         Orc: D:9-12

Altars:
Ashenzari
Hepliaklqana
Nemelex Xobeh
Ru
Trog
Wu Jian
Yredelemnul
The Shining One

Shops:
D:3 ?

Annotations:
D:2 1 runed translucent door, Crazy Yiuf
D:6 2 transporters, Fractals's ghost, novice HuCj
D:11 Snorg


Message History

You block Snorg's attack. Snorg claws you! Snorg barely misses you.
You block the wraith's attack. Snorg bites you but does no damage.
You block Snorg's attack. x2
You barely miss Snorg.
Snorg is lightly wounded.
You block Snorg's attack.
Snorg claws you! x2; You block the wraith's attack.
Snorg bites you. Snorg claws you but does no damage. x2
You are too injured to fight recklessly!
You are too injured to fight recklessly!
You are too injured to fight recklessly!
You are too injured to fight recklessly!
You are too injured to fight recklessly!
You are too injured to fight recklessly!
You are too injured to fight recklessly!
You are too injured to fight recklessly!
You are too injured to fight recklessly!
Unknown command.
You are too injured to fight recklessly!
You feel much better. Snorg bites you!! Snorg closely misses you.
You block Snorg's attack. You block the wraith's attack.
You block Snorg's attack. Snorg claws you but does no damage. x2
The wraith hits you. The wraith drains your vigour!
You feel as though you will be slow longer.
You barely miss the wraith. You block Snorg's attack. Snorg claws you!
Snorg claws you but does no damage. The wraith hits you but does no damage.
You block Snorg's attack. Snorg barely misses you. Snorg claws you!
* * * LOW HITPOINT WARNING * * *
Unknown command.
You completely miss the wraith. Snorg bites you.
* * * LOW HITPOINT WARNING * * *
Snorg claws you but does no damage. x2; The wraith hits you!
* * * LOW HITPOINT WARNING * * *
The wraith drains your vigour!
You feel as though you will be slow longer.
You block Snorg's attack. Snorg barely misses you.
Snorg claws you but does no damage. The wraith hits you but does no damage.
You block Snorg's attack. Snorg claws you!
* * * LOW HITPOINT WARNING * * *
Snorg claws you.
You die...

# ###.....# #
.......# # ......#
###### .....#
..#..# ....# ..#..#
.#####...#
.....#####.....TW.#
....#..#........@.#
##.....#..........#
#..#.............#
#..#.............#
.######......####.#
........#.........#
#######†#.........#
#.#####.....#
#.....#.....#


You could see Snorg (berserk) and a wraith.

Vanquished Creatures
  Erica (D:8)
  Pikel (D:3)
  A hornet (D:8)
  Prince Ribbit (D:8)
  7 yaks
  A steam dragon (D:8)
  Edmund (D:4)
  A water moccasin (D:6)
  A sky beast (D:5)
  4 orc warriors
  4 ice beasts
  3 ogres
  A wolf (D:8)
  4 necrophages
  2 centaurs
  2 phantoms
  A lemure (D:3)
  A kobold brigand (D:8)
  4 bullfrogs
  2 wyvern zombies
  2 scorpions
  2 gnoll sergeants
  A water moccasin zombie (D:4)
  A wyvern skeleton (D:7)
  A hornet simulacrum (D:8)
  3 killer bees (D:8)
  4 wights
  A howler monkey (D:9)
  3 electric eels (D:8)
  2 wyvern simulacra (D:8)
  9 centaur zombies
  2 jellies
  2 orc priests (D:5)
  A bullfrog zombie (D:4)
  A gnoll shaman (D:7)
  A human zombie (D:4)
  3 hounds
  A bullfrog skeleton (D:6)
  4 centaur skeletons
  3 iguanas
  A scorpion zombie (D:4)
  5 orc wizards
  A killer bee zombie (D:8)
  2 hound zombies
  2 mummies (D:4)
  Robin (D:3)
  18 gnolls
  5 adders
  3 white imps
  A howler monkey simulacrum (D:8)
  3 ufetubi
  An adder zombie (D:4)
  4 dart slugs
  17 orcs
  3 ball pythons
  7 bats
  6 endoplasms
  4 giant cockroaches
  18 goblins
  8 hobgoblins
  4 jackals (D:2)
  4 quokkas
  2 frilled lizards
  A jackal zombie (D:4)
  25 kobolds
  3 rats (D:2)
239 creatures vanquished.

Vanquished Creatures (collateral kills)
  2 goblins (Bailey)
2 creatures vanquished.

Vanquished Creatures (others)
  An orc warrior (D:8)
  An orc priest (D:4)
  3 orcs
  A kobold (D:4)
  15 plants
21 creatures vanquished.

Grand Total: 262 creatures vanquished

Notes
Turn   | Place    | Note
-------+----------+-------------------------------------------
     0 | D:1      | safid the Hill Orc Fighter began the quest for the Orb.
     0 | D:1      | Reached XP level 1. HP: 19/19 MP: 1/1
   206 | D:1      | Found a faded altar of an unknown god.
   304 | D:1      | Reached XP level 2. HP: 21/27 MP: 2/2
   363 | D:1      | Reached skill level 3 in Axes
  1002 | D:2      | Found a sacrificial altar of Ru.
  1010 | D:2      | Reached XP level 3. HP: 31/33 MP: 3/3
  1408 | D:2      | Reached XP level 4. HP: 23/40 MP: 4/4
  1719 | D:1      | Reached skill level 4 in Axes
  1961 | D:2      | Found a runed translucent door.
  1962 | D:2      | Noticed Crazy Yiuf
  2015 | D:2      | Reached XP level 5. HP: 34/46 MP: 5/5
  2540 | D:3      | Reached skill level 5 in Axes
  2599 | D:3      | Reached skill level 5 in Shields
  2735 | D:3      | Found an ornate altar of the Wu Jian Council.
  2860 | D:3      | Noticed Robin
  2963 | D:3      | Found Fateaj's Magic Scroll Shoppe.
  2966 | D:3      | Killed Robin
  2967 | D:3      | Reached XP level 6. HP: 51/52 MP: 6/6
  2979 | D:3      | Bought a scroll of blinking for 75 gold pieces
  3146 | D:4      | Noticed Pikel
  3172 | D:3      | Killed Pikel
  3173 | D:3      | Reached skill level 7 in Axes
  3173 | D:3      | Reached XP level 7. HP: 6/59 MP: 7/7
  3575 | D:4      | Noticed Edmund
  3623 | D:4      | Became a worshipper of Beogh the Brigand
  3668 | D:4      | Found a sacrificial altar of Ru.
  3726 | D:4      | Reached skill level 8 in Axes
  3965 | D:4      | Reached XP level 8. HP: 63/66 MP: 8/8
  4040 | D:4      | Found a basalt altar of Yredelemnul.
  4059 | D:4      | Reached skill level 9 in Axes
  4750 | D:4      | Killed Edmund
  4967 | D:5      | Entered Level 5 of the Dungeon
  5122 | D:5      | Reached skill level 10 in Axes
  5253 | D:5      | Reached XP level 9. HP: 61/71 MP: 9/9
  5350 | D:5      | Reached * piety under Beogh
  5732 | D:5      | Found a staircase to the Ecumenical Temple.
  5848 | D:5      | Found a sparkling altar of Nemelex Xobeh.
  6420 | D:6      | Found a broken altar of Ashenzari.
  6516 | D:6      | Reached skill level 11 in Axes
  6916 | D:6      | Reached skill level 10 in Shields
  7421 | D:6      | Found a transporter.
  7426 | D:6      | Found a transporter.
  7442 | D:6      | Noticed Fractals's ghost (novice HuCj)
  7527 | D:6      | Reached skill level 12 in Axes
  7749 | D:6      | Found a large runed translucent door.
  7750 | D:6      | Found a large runed translucent door.
  8119 | D:6      | Found a bloodstained altar of Trog.
  8129 | D:6      | Found a hazy altar of Hepliaklqana.
  8176 | D:7      | Reached ** piety under Beogh
  8177 | D:7      | Reached XP level 10. HP: 78/78 MP: 10/10
  8719 | D:8      | Reached skill level 13 in Axes
  8767 | D:8      | Reached *** piety under Beogh
  8833 | D:8      | Noticed Prince Ribbit
  8836 | D:8      | Killed Prince Ribbit
  8876 | D:8      | Found a flagged portal.
  8891 | Bailey   | Entered a bailey
  9054 | Bailey   | Identified the +0 chain mail "Giot" {rPois}
  9056 | Bailey   | Found a bloodstained altar of Trog.
  9201 | Bailey   | Identified the +6 long sword "Imacvopeos" {holy, rPois rF+
                  | SInv}
  9380 | D:8      | Noticed Erica
  9391 | D:8      | Killed Erica
  9392 | D:8      | Reached skill level 14 in Axes
  9444 | D:8      | Reached **** piety under Beogh
  9471 | D:8      | Reached XP level 11. HP: 75/84 MP: 11/11
  9506 | D:8      | Found a glowing golden altar of the Shining One.
  9957 | D:9      | You fall into a shaft and drop 2 floors!
 10068 | D:11     | Noticed Snorg
 10077 | D:11     | Reached skill level 15 in Axes
 10082 | D:11     | HP: 2/84 [Snorg (12)]
 10082 | D:11     | Slain by Snorg

Illustrated notes

Levels and vault maps discovered:
D:1:      dpeg_arrival_pits, layout_loops_ring, serial_forest,
          infiniplex_forest_lined_ring, infiniplex_forest_side_room,
          infiniplex_forest_clump_medium, infiniplex_forest_lined_1,
          infiniplex_forest_straight_4, infiniplex_forest_straight_3,
          infiniplex_forest_clump_small, basic_ecumenical_altar
D:2:      layout_rooms, basic_altar, uniq_crazy_yiuf_cottage
D:3:      layout_rooms, nicolae_wu_jian_wuxing_cycle, serial_shops, shop_statue,
          uniq_robin
D:4:      layout_basic, mainiacjoe_overflow_24_doors,
          lemuel_mausoleum_altar_yredelemnul, serial_bayou_pond_a, uniq_pikel,
          uniq_edmund
D:5:      layout_basic, nemelex_diamond_rough_becter,
          minmay_temple_entry_sparse_star
D:6:      cheibrodos_two_vegetables, layout_loops_ring,
          mainiacjoe_overflow_catwalk, jmf_multi_god_temple2,
          gammafunk_ghost_hive
D:7:      layout_rooms, kennysheep_nondescript, serial_park_tiny_1
D:8:      layout_rooms, tso_metal_star, enter_bailey_6, serial_ice,
          serial_ice_m, serial_ice_o, serial_ice_f, serial_ice_c,
          minmay_crystal_water, nicolae_two_hexagons, uniq_erica,
          uniq_prince_ribbit1
D:9:      minmay_skewed_foursquare, layout_cave_pods, lair_entry_dummy
D:11:     layout_stronghold, hangedman_decor_push, uniq_josephine, uniq_snorg

Skill      XL: |  1  2  3  4  5  6  7  8  9 10 11 |
---------------+----------------------------------+-----
Axes           | 3 4 5 7 8 10 12 14 15 | 15.0
Fighting       | 4 |  4.0
Armour         | 4 |  4.0
Shields        | 4 5 6 7 9 10 12 13 | 13.1

Action                   |  1- 3 |  4- 6 |  7- 9 | 10-12 || total
-------------------------+-------+-------+-------+-------++-------
Melee: War axe           |    83 |   117 |       |       ||   200
       Flail             |       |    18 |   302 |   247 ||   567
Throw: Throwing net      |       |       |     1 |       ||     1
       Dart              |       |       |       |     1 ||     1
Invok: Convert to Beogh  |       |       |     1 |       ||     1
  Use: Scroll            |       |       |     4 |     4 ||     8
       Potion            |       |       |     4 |     2 ||     6
 Stab: Held in net/web   |       |       |     1 |       ||     1
Armor: Scale mail        |    64 |    87 |   115 |    59 ||   325
       Plate armour      |       |       |       |    86 ||    86
Dodge: Dodged            |    55 |    40 |    75 |   100 ||   270
Block: Kite shield       |    71 |    83 |   168 |   239 ||   561
